Ben, chaotic male elven Wizard -------------- --------- ||>..........| |[[[[[[[| |.............@ ------ |[[[[[[[| |............|####-....| |)[[[[[[| # -+------------### |....| -------- |)[[[)[[| ###############0##### # |....| |......| |.......| # # # ##-....| |......| --|------ # ## # |....| |......| # ------------# --.----.--- |....| |......| # |..........|# |.........| ------ #.......| # #............0######-......<..-#######################|......| # ###|..........|# |.........| -------- ### # |..........|# ----------- # ### |..........|# -.----# ------------# |....|################## |....|# |.....# ------ Ben the Conjurer Experience level: 4 Strength: 12 Dexterity: 12 Constitution: 13 Intelligence: 17 Wisdom: 11 Charisma: 12 Health: 0(31) Energy: 33(40) AC: 9 Gold: 186 Moves: 1977 Your Inventory: Coins $ - 186 gold pieces Weapons a - a blessed +1 quarterstaff (weapon in hands) Armor b - an uncursed +0 cloak of magic resistance (being worn) Scrolls i - 2 uncursed scrolls of enchant weapon j - an uncursed scroll of identify n - an uncursed scroll of light s - an [uncursed] scroll labeled HACKEM MUCHE [of teleportation] Spellbooks k - a blessed spellbook of force bolt l - an uncursed spellbook of sleep p - an [uncursed] spellbook of cone of cold Potions f - an uncursed potion of booze g - an uncursed potion of object detection h - an uncursed potion of sleeping t - an [uncursed] black potion [of gain energy] u - a [blessed] potion of booze Rings d - an uncursed +2 ring of gain strength (on right hand) e - an uncursed ring of polymorph control (on left hand) Wands c - an uncursed wand of digging (0:4) v - an [uncursed] wand of speed monster [0:5] Tools m - an uncursed wooden flute Spells known in the end: Name Level Category Fail Memory a - force bolt 1 attack 0% [||||||||] b - sleep 1 enchantment 0% [||||||||] c - cone of cold 4 attack 77% [||||||||] Your skills at the end: Fighting Skills Weapon Skills quarterstaff [Basic / Expert] Spellcasting Skills attack spells [Basic / Expert] enchantment spells [Basic / Skilled] Final Attributes: You were devoutly aligned. Hunger level was 315. Your alignment was 19 / 19. Monster difficulty range was 0 - 3. Level difficulty was 3. You were immune to sleep. You were magic-protected. You saw invisible. You were telepathic. You had infravision. You had polymorph control. Your luck was zero. You are dead. Vanquished creatures: a floating eye an orc zombie an acid blob 2 coyotes 2 gas spores 3 giant rats 2 yellow molds a gecko 7 jackals a fox 2 sewer rats 9 grid bugs 3 lichens 3 kobold zombies 5 newts 43 creatures vanquished. Voluntary challenges: You were an atheist. You used a wielded weapon 42 times. You read items or engraved 4 times. You put on armor 1 time. You never genocided any monsters. You never polymorphed an object. You never changed form. You used no wishes. You never wrote Elbereth's name. You never encountered a bones level. You never used any Sokoban shortcuts. Dungeon overview: The Dungeons of Doom: levels 1 to 3 Level 1 an altar a long staircase Level 2 an armor shop, a sink a long staircase Level 3 <- You were here an armor shop History has recorded: On T:1 you entered the Dungeons of Doom to retrieve the Amulet of Yendor! On T:701 you reached level 2 of The Dungeons of Doom. On T:721 you advanced to experience level 2. On T:1053 you advanced to experience level 3. On T:1234 you reached level 3 of The Dungeons of Doom. On T:1280 you advanced to experience level 4. Latest messages: You kill the sewer rat! The sewer rat bites! [HP-2=13] You miss the sewer rat. The sewer rat bites! (2x) [HP-4=9] The spell hits the sewer rat! You kill the sewer rat! You see here a sewer rat corpse. This sewer rat corpse tastes terrible! [HP+1=10] You finish eating the sewer rat corpse. [4 turns] [HP+1=11] You try to move the boulder, but in vain. (2x) [HP+1=12] You kill the gas spore! You are caught in the gas spore's explosion! Final status: Goodbye Ben the Wizard... You died in The Dungeons of Doom on dungeon level 3 with 788 points, and 186 pieces of gold, after 1977 moves. You were level 4 with a maximum of 31 hit points when you died.